 Dungeon Crawl Stone Soup version 0.26-a0-846-gcc8f1ee719 (webtiles) character file.

Game seed: 9882788266218904404

131 miscthings the Firebug (level 4, -1/30 HPs)
             Began as a Mummy Fire Elementalist on Nov 19, 2020.
             Killed from afar by an orc wizard (16 damage)
             ... with a puff of flame
             ... on level 3 of the Dungeon.
             The game lasted 00:07:01 (2265 turns).

miscthings the Firebug (Mummy Fire Elementalist)    Turns: 2265, Time: 00:07:01

Health: -1/30      AC:  2    Str: 11    XL:     4   Next: 91%
Magic:  2/8        EV: 12    Int: 15    God:
Gold:   156        SH:  0    Dex: 12    Spells: 0/8 levels left

rFire    x . .     SeeInvis .   i - +5 whip
rCold    + . .     Faith    .   (no shield)
rNeg     + + +     Spirit   .   a - +0 robe
rPois    ∞         Reflect  .   (no helmet)
rElec    .         Harm     .   (no cloak)
rCorr    .         Rampage  .   (no gloves)
MR       .....                  (no boots)
Stlth    ++........             (no amulet)
HPRegen  0.10/turn              (no ring)
MPRegen  0.11/turn              (no ring)

@: no status effects
A: no potions, fire vulnerability, cold resistance 1, negative energy resistance
3, torment resistance, unbreathing
a: no special abilities


You were on level 3 of the Dungeon.
You visited 1 branch of the dungeon, and saw 3 of its levels.

You collected 156 gold pieces.

Inventory:

Hand Weapons
 i - a +5 whip (weapon)
Armour
 a - a +0 robe (worn)
Jewellery
 h - an uncursed ring of ice
Wands
 g - a wand of random effects (22)
Scrolls
 c - 6 scrolls of identify {unknown}
 d - 2 scrolls of fog {unknown}
 e - a scroll of enchant armour {unknown}
 f - a scroll of teleportation {unknown}


   Skills:
 - Level 1.5 Dodging
 - Level 1.5 Stealth
 - Level 2.6 Spellcasting
 + Level 1.8 Conjurations
 - Level 4.3 Fire Magic


You couldn't memorise any spells.
You knew the following spells:

 Your Spells              Type           Power        Failure   Level
a - Foxfire               Conj/Fire      ##..         6%          1
b - Conjure Flame         Conj/Fire      ##......     17%         3
c - Sticky Flame          Conj/Fire      ##......     50%         4

Your spell library contained the following spells:

 Spells                   Type           Power        Failure   Level
 Inner Flame              Hex/Fire       #.......     26%         3
 Fireball                 Conj/Fire      ##........   85%         5


Dungeon Overview and Level Annotations

Branches:
Dungeon (3/15)

Altars:
Kikubaaqudgha
Xom


Innate Abilities, Weirdness & Mutations

You do not drink.
Your flesh is vulnerable to fire.
You are immune to poison.
Your flesh is cold resistant. (rC+)
You are immune to negative energy. (rN+++)
You are immune to unholy pain and torment.
You can survive without breathing.


Message History

The foxfire hits the orc but does no damage.
Casting: Foxfire (safe; 6% risk of failure)
Confirm with . or Enter, or press ? or * to list all spells.
You conjure some foxfire!
Casting: Foxfire (safe; 6% risk of failure)
Confirm with . or Enter, or press ? or * to list all spells.
You conjure some foxfire!
The foxfire hits something but does no damage. x2
Your foxfire dissipates!
The foxfire hits something.
Something hits you.
Casting: Foxfire (safe; 6% risk of failure)
Confirm with . or Enter, or press ? or * to list all spells.
You conjure some foxfire!
Something hits you.
The foxfire hits the orc.
The orc is severely wounded.
Your foxfire dissipates!
You hear some strange, mumbled words.
A puff of flame appears from out of thin air!
The puff of flame hits you! The fire burns you terribly!
Ouch! That really hurt!
You die...

#.......### #.#
#.......# #.##
#.#.#.#.## ...#
##...†# ...# ##...###
#...# # ##....#
#####...##.#
##..##o###.........#
#...#{..).........##
#.#..@#.###.........#
......##.##
#####.†.##.# ######
#.# ...# #†# ...# #.#
..... #.# #.##.# ..#
.# .# ### .. .


You could see an orc.

Vanquished Creatures
  Jessica (D:2)
  4 adders
  2 worms (D:2)
  2 dart slugs (D:1)
  An orc (D:3)
  A ball python (D:2)
  2 bat zombies (D:2)
  2 giant cockroaches
  5 goblins
  9 hobgoblins
  11 bats
  6 frilled lizards
  7 kobolds
  9 rats
  2 rat zombies (D:2)
64 creatures vanquished.

Vanquished Creatures (others)
  152 foxfires
152 creatures vanquished.

Grand Total: 216 creatures vanquished

Notes
Turn   | Place    | Note
-------+----------+-------------------------------------------
     0 | D:1      | miscthings the Mummy Fire Elementalist began the quest for
                  | the Orb.
     0 | D:1      | Reached XP level 1. HP: 13/13 MP: 4/4
     2 | D:1      | Noticed a minotaur
     2 | D:1      | Noticed a spriggan
     4 | D:1      | Noticed a draconian
     6 | D:1      | Noticed a troll
     6 | D:1      | Noticed a human
     8 | D:1      | Noticed a tengu
    10 | D:1      | Noticed an elf
    12 | D:1      | Noticed a formicid
    12 | D:1      | Noticed a gargoyle
    14 | D:1      | Noticed an octopode
    14 | D:1      | Noticed a vampire
    16 | D:1      | Noticed a vine stalker
    16 | D:1      | Noticed an ogre
    18 | D:1      | Noticed a dwarf
    18 | D:1      | Noticed a ghoul
    20 | D:1      | Noticed a naga
    20 | D:1      | Noticed a felid
    22 | D:1      | Noticed a demonspawn
    24 | D:1      | Noticed a halfling
    24 | D:1      | Noticed a centaur
    26 | D:1      | Noticed a merfolk
    26 | D:1      | Noticed a demigod
   168 | D:1      | Reached XP level 2. HP: 19/19 MP: 1/5
   197 | D:1      | Reached skill level 3 in Fire Magic
   483 | D:1      | Found a shimmering altar of Xom.
   574 | D:1      | Reached XP level 3. HP: 24/24 MP: 2/7
   579 | D:1      | Learned a level 3 spell: Conjure Flame
  1164 | D:2      | Reached skill level 4 in Fire Magic
  1455 | D:2      | Noticed Jessica
  1461 | D:2      | Killed Jessica
  1462 | D:2      | Reached XP level 4. HP: 30/30 MP: 4/8
  1509 | D:2      | Learned a level 4 spell: Sticky Flame
  1696 | D:2      | Reached skill level 1 in Conjurations
  2097 | D:2      | Found an ancient bone altar of Kikubaaqudgha.
  2265 | D:3      | Killed from afar by an orc wizard

Illustrated notes

Levels and vault maps discovered:
D:1:      kb_arrival_jail, layout_rooms, xom_teletrap_fun
D:2:      layout_loops_ring, lemuel_zombie_altar_kikubaaqudgha, uniq_jessica
D:3:      layout_loops_cross, kennysheep_generic_room_13

Skill      XL: |  1  2  3  4 |
---------------+-------------+-----
Fire Magic     | 3 4 |  4.3
Conjurations   | 1 |  1.8
Dodging        | |  1.5
Stealth        | |  1.5
Spellcasting   | |  2.6

Action                   |  1- 3 |  4- 6 || total
-------------------------+-------+-------++-------
Melee: Unarmed           |     2 |       ||     2
       Dagger            |    34 |    18 ||    52
       Whip              |       |     9 ||     9
 Cast: Foxfire           |    74 |    44 ||   118
       Conjure Flame     |     6 |       ||     6
Armor: Robe              |    22 |    19 ||    41
Dodge: Dodged            |    50 |    50 ||   100

Table legend: (Time is in decaauts)
 A = Elapsed time spent in this place.
 B = Non-inter-level travel time spent in this place.
 C = Inter-level travel time spent in this place.
 D = Time resting spent in this place.
 E = Time spent auto-exploring this place.
 F = Levels seen in this place.
 G = Mean time per level.
                   A        B        C        D        E       F      G
               +--------+--------+--------+--------+--------+-----+--------+
         Total |   2264 |   2198 |     66 |    465 |    971 |   3 |  754.7 |
       Dungeon |   2264 |   2198 |     66 |    465 |    971 |   3 |  754.7 |
               +--------+--------+--------+--------+--------+-----+--------+

Top non-repeatable levels by time:
     D:2: 1203 daAuts
     D:1: 926 daAuts
     D:3: 135 daAuts
